 Dungeon Crawl Stone Soup version 0.29.1-13-g9f3cf754e1 (webtiles) character file.

Game seed: 1263742704073011549

515162 cheesebisquit the Wrestler (level 24, -3/262 HPs)
             Began as a Troll Fighter on Jan 28, 2023.
             Was an Elder of Qazlal.
             Killed from afar by a golden dragon (18 damage)
             ... with a bolt of cold
             ... on level 5 of the Vaults on Jan 29, 2023.
             The game lasted 05:36:04 (63443 turns).

cheesebisquit the Wrestler (Troll Fighter)         Turns: 63443, Time: 05:36:05

Health: -3/262     AC: 24    Str: 39    XL:     24   Next: 0%
Magic:  35/35      EV:  4    Int:  8    God:    Qazlal [****..]
Gold:   1305       SH: 28    Dex: 12    Spells: 14/23 levels left

rFire   + + .      SeeInvis +     - Unarmed
rCold   + + .      Faith    +   O - +8 tower shield {rC+}
rNeg    . . .      Spirit   .   s - +1 gold dragon scales of Liev {rPois rF+ rC+ Str+2}
rPois   +          Reflect  .   (helmet restricted)
rElec   +          Harm     .   r - +2 cloak
rCorr   .          Rampage  .   (gloves unavailable)
Will    +....                   (boots unavailable)
Stlth   ..........              z - amulet of faith
HPRegen 1.33/turn               m - ring "Erourchi" {rPois rF+ Int+2 SInv}
MPRegen 0.24/turn               R - ring "Kybasch" {rElec AC+4 Dex+3 Stlth-}

@: about to teleport, slowed, studying 2 skills, invisible, repel missiles, very
slow
A: large, unfitting armour, claws 3, regeneration 1, shaggy fur 1, tough skin 1
}: 3/15 runes: serpentine, barnacled, abyssal
a: Renounce Religion, Upheaval, Elemental Force


You were on level 5 of the Vaults.
You worshipped Qazlal.
Qazlal was greatly pleased with you.
You visited 9 branches of the dungeon, and saw 43 of its levels.
You visited the Abyss 3 times.
You visited 1 bazaar.
You also visited: Sewer, Ice Cave and Volcano.

You collected 7036 gold pieces.
You spent 5731 gold pieces at shops.

Inventory:

Hand Weapons
 g - the +6 hand axe "Jeustra" {venom, Will++ Int+2 Stlth+}
   (You found it on level 4 of the Dungeon)

   It poisons the flesh of those it strikes.
   Int:       It affects your intelligence (+2).
   Will:      It greatly increases your willpower.
   Stlth:     It makes you more stealthy.
Missiles
 a - 9 poisoned darts
 c - 3 silver boomerangs
 h - 23 boomerangs of dispersal
 l - 2 silver javelins
 C - a javelin
 E - 11 curare-tipped darts
 J - 17 atropa-tipped darts
 Q - 33 large rocks (quivered)
 W - 2 throwing nets
 Y - 22 boomerangs
Armour
 r - a +2 cloak (worn)
 s - the +1 gold dragon scales of Liev (worn) {rPois rF+ rC+ Str+2}
   (You bought it in a shop on level 1 of the Shoals)

   Str:       It affects your strength (+2).
   rF:        It protects you from fire.
   rC:        It protects you from cold.
   rPois:     It protects you from poison.
 O - a +8 tower shield of cold resistance (worn)
 Z - a +0 tower shield of resistance
Jewellery
 b - the ring of Covvot {Fire Str+5 Dex+3 Stlth-}
   (You bought it in a shop on level 1 of the Snake Pit)

   [ring of fire]

   It enhances your fire magic.
   Str:       It affects your strength (+5).
   Dex:       It affects your dexterity (+3).
   rF:        It protects you from fire.
   rC:        It makes you vulnerable to cold.
   Stlth:     It makes you less stealthy.
 i - the ring "Ceoc" {MP+9 Slay+4}
   (You found it on level 1 of the Vaults)

   [ring of slaying]

   Slay:      It affects your accuracy & damage with ranged weapons and melee
   (+4).
   MP:        It affects your magic capacity (+9).
 j - a ring of flight
 m - the ring "Erourchi" (left claw) {rPois rF+ Int+2 SInv}
   (You bought it in a shop on level 2 of the Vaults)

   [ring of see invisible]

   Int:       It affects your intelligence (+2).
   rF:        It protects you from fire.
   rPois:     It protects you from poison.
   SInv:      It lets you see invisible.
 o - a +4 ring of slaying
 x - an amulet of reflection
 z - an amulet of faith (around neck)
 D - a +6 ring of strength
 R - the ring "Kybasch" (right claw) {rElec AC+4 Dex+3 Stlth-}
   (You acquired it on level 5 of the Lair of Beasts)

   [ring of protection]

   AC:        It affects your AC (+4).
   Dex:       It affects your dexterity (+3).
   rElec:     It insulates you from electricity.
   Stlth:     It makes you less stealthy.
 X - a +4 ring of slaying
Wands
 v - a wand of flame (113)
 A - a wand of roots (31)
 G - a wand of digging (10)
 K - a wand of polymorph (26)
 P - a wand of mindburst (48)
 S - a wand of paralysis (28)
 U - a wand of acid (35)
Scrolls
 f - 3 scrolls of teleportation
 t - 3 scrolls of fear
 y - 4 scrolls of magic mapping
 H - 7 scrolls of poison
 L - 6 scrolls of fog
 N - a scroll of silence
 V - 3 scrolls of immolation
Potions
 d - 16 potions of lignification
 e - 6 potions of resistance
 k - 7 potions of ambrosia
 p - a potion of haste
 q - 6 potions of magic
 w - 8 potions of might
 B - 2 potions of berserk rage
 F - 3 potions of mutation
 I - 12 potions of curing
 M - 5 potions of invisibility
 T - 4 potions of cancellation


   Skills:
 * Level 19.5 Fighting
 + Level 19.4 Throwing
 + Level 4.5 Armour
 + Level 4.5 Dodging
 - Level 10.0 Shields
 + Level 23.6 Unarmed Combat
 + Level 18.9 Invocations


You had 14 spell levels left.
You knew the following spells:

 Your Spells              Type           Power      Damage    Failure   Level
a - Storm Form            Tmut/Air       0%         N/A       100%        7
b - Blink                 Tloc           0%         N/A       100%        2

Your spell library contained the following spells:

 Spells                   Type           Power      Damage    Failure   Level
 Freeze                   Ice            0%         1d3       100%        1
 Magic Dart               Conj           0%         1d3       100%        1
 Slow                     Hex            0%         N/A       100%        1
 Sting                    Tmut/Pois      0%         1d3       100%        1
 Call Imp                 Summ           0%         N/A       100%        2
 Ensorcelled Hibernation  Hex/Ice        0%         N/A       100%        2
 Passwall                 Tmut/Erth      0%         N/A       100%        2
 Poisonous Vapours        Pois/Air       0%         N/A       100%        2
 Static Discharge         Conj/Air       0%         3-3/arc   100%        2
 Confusing Touch          Hex            0%         N/A       100%        3
 Conjure Flame            Conj/Fire      0%         6-21      100%        3
 Dazzling Flash           Conj/Hex       0%         N/A       100%        3
 Frozen Ramparts          Ice            0%         1d1       100%        3
 Gell's Gravitas          Tloc           0%         N/A       100%        3
 Ignite Poison            Fire/Tmut/Pois 0%         N/A       100%        3
 Lesser Beckoning         Tloc           0%         N/A       100%        3
 Mephitic Cloud           Conj/Pois/Air  0%         N/A       100%        3
 Ozocubu's Armour         Ice            0%         N/A       100%        3
 Portal Projectile        Hex/Tloc       0%         N/A       100%        3
 Summon Guardian Golem    Hex/Summ       0%         N/A       100%        3
 Swiftness                Air            0%         N/A       100%        3
 Teleport Other           Tloc           0%         N/A       100%        3
 Tukima's Dance           Hex            0%         N/A       100%        3
 Vampiric Draining        Necr           0%         2d6       100%        3
 Airstrike                Air            0%         2d(0-16)  100%        4
 Animate Dead             Necr           0%         N/A       100%        4
 Corpse Rot               Necr/Pois/Air  0%         N/A       100%        4
 Dispel Undead            Necr           0%         3d6       100%        4
 Hailstorm                Conj/Ice       0%         3d3       100%        4
 Iskenderun's Mystic Bla  Conj/Tloc      0%         2d3       100%        4
 Leda's Liquefaction      Hex/Erth       0%         N/A       100%        4
 Olgreb's Toxic Radiance  Pois           0%         N/A       100%        4
 Passage of Golubria      Tloc           0%         N/A       100%        4
 Sticky Flame             Conj/Fire      0%         2d3       100%        4
 Summon Lightning Spire   Summ/Air       0%         N/A       100%        4
 Alistair's Intoxication  Tmut/Pois      0%         N/A       100%        5
 Blade Hands              Tmut           0%         N/A       100%        5
 Borgnjor's Vile Clutch   Necr/Erth      0%         N/A       100%        5
 Iskenderun's Battlesphe  Conj           0%         2d6       100%        5
 Lee's Rapid Deconstruct  Erth           0%         3d5*      100%        5
 Lightning Bolt           Conj/Air       0%         1d11      100%        5
 Manifold Assault         Tloc           0%         N/A       100%        5
 Silence                  Hex/Air        0%         N/A       100%        5
 Yara's Violent Unravell  Hex/Tmut       0%         3d3       100%        5
 Conjure Ball Lightning   Conj/Air       0%         3x3d6     100%        6
 Death Channel            Necr           0%         N/A       100%        6
 Eringya's Noxious Bog    Tmut/Pois      0%         N/A       100%        6
 Iron Shot                Conj/Erth      0%         9d1       100%        6
 Starburst                Conj/Fire      0%         6d3       100%        6
 Statue Form              Tmut/Erth      0%         N/A       100%        6
 Dragon Form              Tmut           0%         N/A       100%        7
 Enfeeble                 Hex            0%         N/A       100%        7
 Ozocubu's Refrigeration  Ice            0%         4d7       100%        7
 Spellforged Servitor     Conj/Summ      0%         N/A       100%        7
 Ignition                 Fire           0%         3d3       100%        8
 Lehudib's Crystal Spear  Conj/Erth      0%         10d2      100%        8
 Maxwell's Capacitive Co  Air            0%         ∞         100%        8
 Necromutation            Tmut/Necr      0%         N/A       100%        8


Dungeon Overview and Level Annotations

Branches:
Dungeon (15/15)            Temple (1/1) D:6            Lair (5/5) D:10
 Shoals (4/4) Lair:3        Snake (4/4) Lair:3        Slime (0/5) Lair:4
    Orc (2/2) D:11            Elf (3/3) Orc:2        Vaults (5/5) D:13
  Crypt (0/3) Vaults:2     Depths (4/4) D:15            Zot (0/5) Depths:4
  Sewer (visited)           IceCv (visited)         Volcano (visited)

Altars:
Ashenzari
Cheibriados
Dithmenos
Elyvilon
Fedhas
Gozag
Hepliaklqana
Kikubaaqudgha
Makhleb
Nemelex Xobeh
Okawaru
Qazlal
Ru
Sif Muna
Trog
Uskayaw
Vehumet
Wu Jian
Xom
Yredelemnul
Zin
The Shining One
Jiyva

Shops:
D:1 (   D:12 *   D:13 [   Orc:2 ([:?*   Shoals:1 [   Shoals:2 (   Shoals:4 (
Snake:1 [([=   Snake:3 =?(*   Snake:4 ?   Vaults:1 :   Vaults:2 ![=
Vaults:3 *

Portals:
Hell: Depths:1 Depths:2 Depths:3 Depths:4
Abyss: Depths:2 Depths:3
Pandemonium: Depths:2
Ziggurat: Depths:1
Trove: D:10 (give +3 ice dragon scales)

Annotations:
Elf:2 3 runed translucent doors, SirLogeyBear's ghost, adept HOBe
Elf:3 3 runed translucent doors, SirLogeyBear's ghost, adept HOBe


Innate Abilities, Weirdness & Mutations

You are too large for most types of armour.
You have claws for hands.
Your natural rate of healing is unusually fast.
You are covered in fur. (AC +1)
You have tough skin. (AC +1)


Message History

Something loses its grip on you.
Found seven items.
You hear a deafening roar!
You hear an angry hiss.
An anaconda comes into view.
You recover from your berserk rage.
You are no longer corroded.
The anaconda hisses angrily.
You hear a deafening roar!
The anaconda changes into a merfolk!
A storm dragon comes into view.
A golden dragon comes into view.
The golden dragon breathes cold at you. The bolt of cold hits you. You resist.
* * * LOW HITPOINT WARNING * * *
The storm dragon moves out of view.
You hear a shout! x2
As you read the scroll of fog, it crumbles to dust.
The scroll dissolves into smoke.
You hear a shout!
The merfolk changes into a manticore!
The air fills with toxic fumes!
As you read the scroll of poison, it crumbles to dust.
The manticore flicks its tail.
As you read the scroll of teleportation, it crumbles to dust.
You feel strangely unstable.
The manticore flicks its tail.
The storm dragon is poisoned.
You block the golden dragon's attack. x3
The storm dragon roars deafeningly!
You hear a shout!
The storm dragon is engulfed in poison gas.
The storm dragon looks even sicker.
You block the golden dragon's attack.
The golden dragon claws you but does no damage.
You block the golden dragon's attack. The golden dragon breathes fire at you.
The bolt of fire hits you. You resist.
* * * LOW HITPOINT WARNING * * *
A stone giant comes into view.
The golden dragon attacks as you move away!
The golden dragon bites you but does no damage.
The golden dragon claws you but does no damage.
You block the golden dragon's attack.
Found a long sword.
The storm dragon roars deafeningly!
The golden dragon breathes cold at you. The bolt of cold hits you!! You resist.
You die...

*,,#§§C§,,,,,,,,*,,,,,,,,,,
*,,#§§§§,,,,,,,,*,,,,,,,,,,
*,,#§§§§,*,,,,,,*,,,,,,*,,,
*,,##☼§§#########********,,
*,,#§§§.§#...![)#,,,,,,*,,,
*,,#.☼.☼§§§§§.|$*,,,,,,,,,,
*,,#..§§DD§§☼..:*,,,,,,,,,,
*,,#$.§§§§§§§...*,,,,,,,,,,
*,,#§§§.§#@§§...*,,,,,,*,,,
*,,##§.§###§§..#**,,,,***,,
*,,#§§..,*,.....*,,,,,,*,^.
*,,#§...,,,.....,,,,,,,,,Cc
*,,#....,,,.......,,,,,,,..
*,......,*,..)..#.,,,,,*,,p
*.H..###***######********##
*....,,,,,,,,,,,,,,,,,,,,..
*,,,,,,,,,,,,,,,,,,,,,,,,..


You could see a golden dragon (catching breath) and a storm dragon (wandering,
unable to see you, very poisoned).

Vanquished Creatures
  3 ancient liches
  Mara (Vaults:3)
  A juggernaut (Depths:4)
  4 caustic shrikes (Depths:4)
  2 golden dragons (Depths:4)
  The ghost of Atoacrot the Bludgeoner, an adept GrFi of the Shining One (Vaults:4)
  2 tentacled monstrosities
  3 deep elf blademasters
  9 liches
  3 deep elf master archers
  2 krakens
  A shadow dragon (Vaults:3)
  4 sphinxes
  2 tentacled starspawn
  6 storm dragons
  Kirke (D:12)
  5 tengu reavers
  A revenant (Vaults:2)
  3 nagarajas (Snake:4)
  The ghost of Gasan the Scholar of Death, a journeyman DrFE of Kikubaaqudgha (D:13)
  2 iron dragons
  7 fire giants
  8 frost giants
  An orc warlord (Vaults:2)
  4 iron dragons (shapeshifter) (Depths:2)
  2 draconian scorchers (Depths:4)
  13 vault wardens
  Aizul (Vaults:4)
  3 deep elf sorcerers
  2 ghost moths (Depths:2)
  3 spriggan defenders (Depths:4)
  8 deep elf elementalists
  2 war gargoyles
  22 ironbound preservers
  8 ironbound thunderhulks
  A reaper (IceCv)
  8 stone giants
  28 very ugly things
  2 vampire knights
  7 deep elf demonologists
  3 entropy weavers
  Nessos (Lair:5)
  4 dire elephants (Vaults:1)
  9 deep elf annihilators
  2 black draconians (Depths:4)
  2 yellow draconians (Depths:4)
  2 white draconians (Depths:4)
  8 spark wasps
  2 pale draconians (Depths:4)
  A bunyip (shapeshifter) (Vaults:5)
  6 statues (Depths:3)
  2 crystal guardians
  An eidolon (Vaults:2)
  9 fire dragons
  9 ettins
  5 merfolk impalers
  A quicksilver dragon zombie (Abyss:3)
  3 merfolk javelineers (Shoals:4)
  7 deep elf death magi
  6 deep elf high priests
  10 yaktaur captains
  6 great orbs of eyes
  23 vault guards
  9 hydras
  Erolcha (D:12)
  7 salamander tyrants
  A peacekeeper (Vaults:4)
  2 ogre magi (Abyss:3)
  4 rakshasas
  5 spriggan air magi
  8 ice dragons
  A catoblepas (Lair:4)
  An anaconda (shapeshifter) (Depths:2)
  8 anacondas
  3 merfolk aquamancers
  6 ironbound frosthearts
  6 boulder beetles
  A spriggan skeleton (Depths:1)
  17 centaur warriors
  15 naga warriors
  An alligator snapping turtle (shapeshifter) (Depths:2)
  2 tengu warriors
  A vampire mage (Depths:4)
  A hell hog (Abyss:2)
  14 deep troll earth magi
  4 death yaks (Lair:3)
  The ghost of PorkyPig the Magician, a journeyman GrCj of Hepliaklqana (D:10)
  An alligator snapping turtle (Shoals:4)
  27 dancing weapons
  11 deep troll shamans
  6 two-headed ogres
  5 satyrs
  4 spriggan berserkers
  9 large abominations
  3 thrashing horrors (Abyss:3)
  3 spriggans
  17 naga sharpshooters
  5 orc high priests
  10 hell knights
  14 deep elf knights
  8 shock serpents
  5 iron trolls
  A soul eater (Vaults:2)
  3 sixfirhies (Abyss:3)
  3 wretched stars
  5 skeletal warriors (D:14)
  12 sea snakes
  An anaconda zombie (Abyss:2)
  5 glowing orange brains
  5 salamander mystics
  An obsidian statue (Volcano)
  A quicksilver dragon simulacrum (Depths:2)
  A swamp dragon (Lair:5)
  A flayed ghost (Depths:4)
  72 deep trolls
  4 naga ritualists
  13 ironbound convokers
  17 deep elf archers
  11 wizards
  11 harpies
  2 phantasmal warriors
  24 deep elf zephyrmancers
  4 necromancers
  13 lindwurms
  8 orc knights
  9 mana vipers
  27 deep elf pyromancers
  45 ugly things
  3 oklob plants
  A worldbinder (Abyss:2)
  25 slime creatures
  22 fauns
  4 orc sorcerers
  13 salamanders
  11 cyclopes
  18 manticores
  15 elephants
  16 naga magi
  A titan simulacrum (Depths:1)
  A stone giant skeleton (Depths:1)
  A water nymph (shapeshifter) (Depths:2)
  An ice statue (IceCv)
  33 black mambas
  A gargoyle (D:12)
  5 guardian serpents
  12 vault sentinels
  Maggie (D:6)
  2 water nymphs
  9 cane toads
  3 smoke demons
  Psyche (D:12)
  A torpor snail (Lair:1)
  3 unseen horrors
  A yaktaur (shapeshifter) (D:15)
  A bunyip simulacrum (Abyss:3)
  3 kobold demonologists
  An efreet (D:10)
  7 rime drakes
  21 yaktaurs
  7 komodo dragons
  6 tengu conjurers
  A freezing wraith (IceCv)
  8 trolls
  An ice devil (IceCv)
  A harpy zombie (Abyss:2)
  14 polar bears
  4 hornets
  2 tarantellas (Vaults:2)
  29 merfolk
  9 dream sheep (Shoals:1)
  9 wind drakes
  9 raiju
  14 blink frogs
  7 snapping turtles
  A culicivora (Vaults:2)
  A shadow (Abyss:2)
  2 vampires
  3 ynoxinuls
  9 starcursed masses
  A wraith (Vaults:2)
  22 water elementals
  2 air elementals
  2 wyverns
  23 yaks
  A hog (D:12)
  19 fire bats
  A human (Shoals:3)
  10 chaos spawn
  3 fire elementals
  2 redbacks
  A basilisk (D:15)
  A neqoxec (Abyss:2)
  2 vampire mosquitoes (D:13)
  A harpy simulacrum (IceCv)
  5 steam dragons
  3 death yak simulacra
  8 wargs
  48 nagas
  A hydra simulacrum (IceCv)
  17 hell hounds
  11 water moccasins
  4 acid dragons
  2 swamp drakes (Lair:5)
  14 black bears
  2 ice beasts
  The ghost of cheesebisquit the Shooter, an amateur MiHu (D:6)
  24 orc warriors
  13 ogres
  33 wolves
  2 phantoms
  8 centaurs
  4 kobold brigands
  2 gnoll sergeants
  9 small abominations
  5 bullfrogs
  2 cane toad simulacra (IceCv)
  4 earth elementals
  A glowing shapeshifter simulacrum (Depths:1)
  2 necrophages
  5 scorpions
  9 wights
  5 two-headed ogre simulacra (IceCv)
  5 killer bees (D:9)
  2 elephant simulacra (IceCv)
  An electric eel (D:6)
  4 howler monkeys
  6 lava snakes (Volcano)
  4 quasits
  6 jellies (Lair:4)
  10 orc priests
  2 iron imps (Abyss:2)
  Crazy Yiuf (D:3)
  A gnoll bouda (D:4)
  5 iguanas
  17 orc wizards
  13 merfolk sirens
  7 troll simulacra (IceCv)
  5 spriggan simulacra (IceCv)
  6 hell rats (Lair:5)
  4 polar bear simulacra
  4 merfolk avatars
  3 wolf simulacra (IceCv)
  An ogre zombie (D:11)
  9 gnolls
  11 adders
  7 naga simulacra (IceCv)
  5 river rats (Sewer)
  A shadow imp (D:6)
  6 white imps (IceCv)
  8 ufetubi
  3 worms
  77 orcs
  11 ball pythons
  7 bats
  5 endoplasms
  7 giant cockroaches
  8 goblins
  14 hobgoblins
  3 jackals (D:4)
  19 kobolds
  4 quokkas
  8 frilled lizards
  22 rats
  4 tentacles (Shoals:4)
1910 creatures vanquished.

Vanquished Creatures (collateral kills)
  The ghost of Beecuntaid the Executioner, an adept MiBe of Trog (Snake:4)
  A nagaraja (Snake:4)
  5 vault guards (Vaults:5)
  3 salamander tyrants
  2 merfolk aquamancers (Shoals:3)
  A sea snake (Shoals:3)
  3 salamanders
  A merfolk siren (Shoals:3)
  2 merfolk (Shoals:3)
  4 water elementals (Shoals:3)
  2 yaks (Lair:3)
  A vampire mosquito (D:10)
  4 nagas (Snake:4)
  A quasit (D:6)
31 creatures vanquished.

Vanquished Creatures (others)
  A rakshasa (Depths:1)
  Sonja (Lair:5)
  3 deep elf pyromancers
  A fire bat (Abyss:3)
  A naga (Snake:4)
  A kobold brigand (D:9)
  An iguana (Lair:5)
  An orc (Vaults:5)
  A kobold (D:9)
  A bush (Lair:5)
  28 fungi
  2 lurking horrors (Abyss:2)
  196 plants
  4 starspawn tentacles
  9 tentacles
251 creatures vanquished.

Grand Total: 2192 creatures vanquished

Notes
Turn   | Place    | Note
-------+----------+-------------------------------------------
     0 | D:1      | cheesebisquit the Troll Fighter began the quest for the
                  | Orb.
     0 | D:1      | Reached XP level 1. HP: 22/22 MP: 0/0
   138 | D:1      | Reached XP level 2. HP: 29/29 MP: 1/1
   178 | D:1      | Found Neegguer's Antique Weapon Shoppe.
   314 | D:1      | Got the Incunabulum of Excavation and Ensorcelling
   625 | D:2      | Reached XP level 3. HP: 36/36 MP: 2/2
   671 | D:2      | Found a faded altar of an unknown god.
   843 | D:2      | Reached skill level 3 in Unarmed Combat
  1346 | D:3      | Reached XP level 4. HP: 44/44 MP: 3/3
  1486 | D:3      | Found a runed translucent door.
  1487 | D:3      | Noticed Crazy Yiuf
  1918 | D:3      | Killed Crazy Yiuf
  1919 | D:3      | Reached skill level 1 in Throwing
  2018 | D:4      | Reached XP level 5. HP: 53/53 MP: 4/4
  2208 | D:4      | Reached skill level 4 in Unarmed Combat
  2208 | D:4      | Identified the +6 hand axe "Jeustra" {venom, Will++ Int+2
                  | Stlth+}
  2306 | D:4      | Found a glowing drain.
  2369 | Sewer    | Entered a sewer
  2463 | Sewer    | Reached XP level 6. HP: 58/61 MP: 5/5
  3105 | D:4      | Reached skill level 5 in Unarmed Combat
  3105 | D:4      | Reached XP level 7. HP: 68/68 MP: 6/6
  3385 | D:5      | Entered Level 5 of the Dungeon
  3817 | D:4      | Reached skill level 6 in Unarmed Combat
  4307 | D:5      | Reached XP level 8. HP: 72/79 MP: 7/7
  4803 | D:6      | Noticed Maggie
  4811 | D:6      | Reached skill level 7 in Unarmed Combat
  4901 | D:6      | Killed Maggie
  4902 | D:6      | Reached skill level 5 in Fighting
  4962 | D:6      | Found a transporter.
  5138 | D:6      | Noticed cheesebisquit's ghost (amateur MiHu)
  5152 | D:6      | Reached skill level 8 in Unarmed Combat
  5152 | D:6      | Found a transporter.
  5521 | D:6      | Found a staircase to the Ecumenical Temple.
  5538 | Temple   | Entered the Ecumenical Temple
  5606 | Temple   | Became a worshipper of Qazlal Stormbringer
  5879 | D:7      | Found a basalt altar of Yredelemnul.
  5909 | D:7      | Reached XP level 9. HP: 85/88 MP: 8/8
  5945 | D:7      | Reached skill level 1 in Invocations
  6186 | D:7      | Reached skill level 5 in Throwing
  6826 | D:8      | Reached skill level 9 in Unarmed Combat
  6906 | D:8      | Found a shimmering blue altar of Sif Muna.
  6975 | D:8      | Reached * piety under Qazlal
  7019 | D:8      | Found a shimmering altar of Xom.
  7179 | D:8      | You fall into a shaft and drop 2 floors!
  7179 | D:10     | Entered Level 10 of the Dungeon
  7233 | D:10     | Found a staircase to the Lair.
  7528 | D:9      | Identified the +1 scale mail of Indemnity {rF+ rCorr}
  8109 | D:9      | Reached XP level 10. HP: 63/98 MP: 11/11
  8301 | D:9      | Learned a level 7 spell: Storm Form
  8301 | D:9      | Found a glowing golden altar of the Shining One.
  8443 | D:9      | Reached skill level 10 in Unarmed Combat
  8447 | D:9      | Reached ** piety under Qazlal
  8703 | D:9      | Found a blossoming altar of Fedhas.
  8725 | D:9      | Noticed an oklob plant
  8750 | D:9      | Killed an oklob plant
  9004 | D:10     | Found a portal to a secret trove of treasure.
  9103 | D:10     | Found a runed translucent gate.
  9104 | D:10     | Found a runed translucent gate.
  9104 | D:10     | Found an opulent altar of Gozag.
  9105 | D:10     | Found a runed translucent gate.
  9115 | D:10     | Noticed a deep elf pyromancer
  9115 | D:10     | Noticed a cyclops
  9116 | D:10     | Noticed PorkyPig's ghost (journeyman GrCj)
  9369 | D:10     | Found a bloodstained altar of Trog.
  9369 | D:10     | Killed a deep elf pyromancer
  9772 | D:11     | Noticed a brown ugly thing
  9778 | D:11     | Killed a brown ugly thing
  9824 | D:11     | Found a staircase to the Orcish Mines.
  9836 | D:11     | Reached skill level 11 in Unarmed Combat
  9981 | D:11     | Noticed a manticore
  9989 | D:11     | Killed a manticore
 10292 | D:11     | Reached XP level 11. HP: 71/109 MP: 8/13
 10308 | D:11     | Reached skill level 5 in Invocations
 10383 | D:11     | Noticed a two-headed ogre
 10392 | D:11     | Killed a two-headed ogre
 10428 | D:11     | Noticed a two-headed ogre
 10437 | D:11     | Killed a two-headed ogre
 10919 | D:11     | Found a staircase to the Orcish Mines.
 11010 | D:11     | Noticed a two-headed ogre
 11020 | D:11     | Killed a two-headed ogre
 11439 | D:12     | Found Zaffed's General Store.
 11447 | D:12     | Bought a scroll of identify for 20 gold pieces
 11447 | D:12     | Bought a scroll of fear for 40 gold pieces
 11447 | D:12     | Bought a wand of roots (3) for 72 gold pieces
 11452 | D:12     | Learned a level 2 spell: Blink
 11514 | D:12     | Noticed Psyche
 11518 | D:12     | Killed Psyche
 11519 | D:12     | Reached skill level 12 in Unarmed Combat
 11544 | D:12     | Noticed a deep elf pyromancer
 11551 | D:12     | Killed a deep elf pyromancer
 11650 | D:12     | Noticed Erolcha
 11670 | D:12     | Killed Erolcha
 11704 | D:12     | Found a broken altar of Ashenzari.
 11917 | D:12     | Noticed Kirke
 11934 | D:12     | Killed Kirke
 12106 | D:12     | Noticed a deep elf pyromancer
 12116 | D:12     | Killed a deep elf pyromancer
 12429 | Lair:1   | Entered Level 1 of the Lair of Beasts
 12444 | Lair:1   | Reached XP level 12. HP: 102/119 MP: 15/15
 12452 | Lair:1   | Reached skill level 13 in Unarmed Combat
 13066 | Lair:1   | Identified a scroll of acquirement
 13069 | Lair:1   | Acquired a ring of see invisible
 14071 | Lair:2   | Noticed a six-headed hydra
 14095 | Lair:2   | Killed a six-headed hydra
 14497 | Lair:2   | Reached skill level 1 in Armour
 14820 | Lair:3   | Found a frozen archway.
 14897 | IceCv    | Entered an ice cave
 15292 | IceCv    | Reached *** piety under Qazlal
 15378 | IceCv    | Noticed a reaper
 15385 | IceCv    | Killed a reaper
 15386 | IceCv    | Reached skill level 14 in Unarmed Combat
 16154 | Lair:3   | Found a staircase to the Shoals.
 16214 | Lair:3   | Found a staircase to the Snake Pit.
 16227 | Lair:3   | Reached XP level 13. HP: 130/130 MP: 17/17
 16275 | Lair:3   | Reached skill level 5 in Shields
 17010 | Lair:4   | Found a viscous altar of Jiyva.
 17010 | Lair:4   | Found a staircase to the Slime Pits.
 17140 | Lair:4   | Found a dark tunnel.
 17146 | Volcano  | Entered a volcano
 17285 | Volcano  | Noticed a fire dragon
 17310 | Volcano  | Killed a fire dragon
 17311 | Volcano  | Reached skill level 15 in Unarmed Combat
 17354 | Volcano  | Found a radiant altar of Vehumet.
 18120 | Lair:5   | Entered Level 5 of the Lair of Beasts
 18129 | Lair:5   | Noticed Nessos
 18134 | Lair:5   | Killed Nessos
 18211 | Lair:5   | Reached skill level 10 in Throwing
 18245 | Lair:5   | Reached XP level 14. HP: 125/141 MP: 7/19
 18424 | Lair:5   | Noticed Sonja
 18897 | Lair:5   | Reached skill level 10 in Fighting
 19006 | Lair:5   | Killed Sonja
 19222 | Lair:5   | Acquired the ring "Kybasch" {rElec AC+4 Dex+3 Stlth-}
 19245 | Lair:5   | Reached skill level 16 in Unarmed Combat
 20546 | D:6      | Found a transporter.
 20607 | D:6      | Found a transporter.
 20898 | D:6      | Found a staircase to the Ecumenical Temple.
 21022 | D:6      | Killed cheesebisquit's ghost
 21216 | D:10     | Killed PorkyPig's ghost
 21356 | Orc:1    | Entered Level 1 of the Orcish Mines
 21593 | Orc:2    | Entered Level 2 of the Orcish Mines
 21593 | Orc:2    | Found a staircase to the Elven Halls.
 22041 | Orc:2    | Found Esum Kiga's CLEARANCE SALE!.
 22046 | Orc:2    | Bought a scroll of enchant armour for 30 gold pieces
 22046 | Orc:2    | Bought 5 stones for 2 gold pieces
 22046 | Orc:2    | Bought a scroll of fog for 16 gold pieces
 22338 | Orc:2    | Found Zonwus's Weapon Boutique.
 22338 | Orc:2    | Found Koiky's Antique Armour Emporium.
 22505 | Orc:2    | Found Basuc's Book Boutique.
 22505 | Orc:2    | Found Adghuiph's Magic Scroll Emporium.
 22515 | Orc:2    | Bought a scroll of fear for 56 gold pieces
 22515 | Orc:2    | Bought a scroll of fear for 56 gold pieces
 22515 | Orc:2    | Bought a scroll of summoning for 133 gold pieces
 22515 | Orc:2    | Bought a scroll of teleportation for 42 gold pieces
 22515 | Orc:2    | Bought a scroll of magic mapping for 105 gold pieces
 22515 | Orc:2    | Bought a scroll of magic mapping for 105 gold pieces
 22881 | D:13     | Found a gate to the Vaults.
 22895 | D:13     | Reached XP level 15. HP: 110/152 MP: 7/21
 23182 | D:13     | Found Sima's Armour Emporium.
 23212 | D:13     | Reached skill level 10 in Invocations
 23360 | D:13     | Found a runed translucent gate.
 23360 | D:13     | Found a runed translucent gate.
 23360 | D:13     | Found a runed translucent gate.
 23360 | D:13     | Noticed Gasan's ghost (journeyman DrFE)
 25043 | D:14     | Found a stormy altar of Qazlal.
 25125 | D:14     | Reached skill level 17 in Unarmed Combat
 25732 | D:14     | Found a stormy altar of Qazlal.
 26061 | D:15     | Entered Level 15 of the Dungeon
 26637 | D:15     | Found a staircase to the Depths.
 27353 | D:13     | Identified the +9 scimitar "Paesmo" {speed, rCorr MP-9
                  | Int+7 SInv}
 27403 | D:13     | Found a gate to the Vaults.
 27513 | D:13     | Found Sima's Armour Emporium.
 28099 | D:13     | Killed Gasan's ghost
 28549 | Snake:1  | Entered Level 1 of the Snake Pit
 28731 | Snake:1  | Found Ynkut's Jewellery Shoppe.
 28761 | Snake:1  | Bought a ring of flight for 315 gold pieces
 28761 | Snake:1  | Bought a ring of poison resistance for 360 gold pieces
 28761 | Snake:1  | Bought the ring of Covvot {Fire Str+5 Dex+3 Stlth-} for 853
                  | gold pieces
 28972 | Snake:1  | Found Fyt Riu's Armour Shop.
 28974 | Snake:1  | Found Puaduusa's Weapon Boutique.
 28976 | Snake:1  | Found Utirrauci's Armour Shop.
 29137 | Snake:1  | Identified the +0 leather armour "Reim" {Int+5}
 29373 | Snake:1  | Reached XP level 16. HP: 140/163 MP: 23/23
 29668 | Snake:2  | You fall into a shaft and drop 1 floor!
 29668 | Snake:3  | Found Tadeorot's Jewellery Boutique.
 29668 | Snake:3  | Found Gamiq's Assorted Antiques.
 29668 | Snake:3  | Found Xiefin's Antique Weapon Shop.
 29668 | Snake:3  | Found Haus's Magic Scroll Boutique.
 31482 | Snake:3  | Bought a scroll of summoning for 171 gold pieces
 31482 | Snake:3  | Bought a scroll of teleportation for 54 gold pieces
 31485 | Snake:3  | Bought 2 potions of curing for 186 gold pieces
 31589 | Snake:3  | Reached **** piety under Qazlal
 32171 | Snake:4  | Entered Level 4 of the Snake Pit
 32312 | Snake:3  | Reached skill level 10 in Shields
 32449 | Snake:4  | Found a runed translucent door.
 32449 | Snake:4  | Noticed Beecuntaid's ghost (adept MiBe)
 32457 | Snake:4  | Found Nyfiopua's Magic Scroll Shoppe.
 32564 | Snake:4  | Reached skill level 18 in Unarmed Combat
 32634 | Snake:4  | Bought a scroll of fear for 56 gold pieces
 32634 | Snake:4  | Bought a scroll of fog for 56 gold pieces
 32634 | Snake:4  | Bought a scroll of teleportation for 42 gold pieces
 33384 | Snake:4  | Reached XP level 17. HP: 172/172 MP: 25/25
 34247 | Snake:4  | Got a serpentine rune of Zot
 34333 | Snake:4  | Killed Beecuntaid's ghost
 34339 | Snake:4  | Identified the +2 pair of boots "Roawaxeol" {Str+6}
 34520 | Shoals:1 | Entered Level 1 of the Shoals
 34544 | Shoals:1 | Identified the +10 rapier of Departure {flame, *Rage
                  | Will++}
 35341 | Shoals:1 | Found Erlang's Dragon-Slaying Spoils.
 35589 | Shoals:1 | Noticed a kraken
 35596 | Shoals:1 | Killed a kraken
 35960 | Shoals:2 | Found Doust's Weapon Boutique.
 35979 | Shoals:2 | Bought 5 boomerangs of dispersal for 97 gold pieces
 36467 | Shoals:2 | Reached ***** piety under Qazlal
 36956 | Shoals:3 | Got Tuuxteus's Grimoire of the Brume
 37125 | Shoals:3 | Found a flickering gateway to a bazaar.
 37164 | Bazaar   | Entered a bazaar
 37164 | Bazaar   | Found Fabreuso's Armour Boutique.
 37164 | Bazaar   | Found Qaji's General Store.
 37164 | Bazaar   | Found Iddut's Weapon Shop.
 37209 | Bazaar   | Found Ejig's Weapon Shop.
 37256 | Bazaar   | Bought 6 atropa-tipped darts for 57 gold pieces
 37374 | Shoals:3 | Reached XP level 18. HP: 185/185 MP: 26/26
 37799 | Shoals:4 | Entered Level 4 of the Shoals
 37846 | Shoals:4 | Got the Book of the End
 37939 | Shoals:4 | Reached skill level 19 in Unarmed Combat
 38305 | Shoals:4 | Found Qefeth's Weapon Shoppe.
 38503 | Shoals:4 | Got a barnacled rune of Zot
 39468 | Shoals:4 | Found Qefeth's Weapon Shoppe.
 39893 | Vaults:1 | Entered Level 1 of the Vaults
 40505 | Vaults:1 | Identified the ring "Ceoc" {MP+9 Slay+4}
 40592 | Vaults:1 | Found Nodd's Book Boutique.
 40976 | Vaults:1 | Identified the +3 shortbow "Teav" {speed, Int+4}
 41513 | Vaults:1 | Reached XP level 19. HP: 197/197 MP: 22/28
 41701 | Vaults:2 | Paralysed by a great orb of eyes for 5 turns
 41710 | Vaults:2 | Found Zouthreva's Distillery.
 41728 | Vaults:2 | Bought a potion of ambrosia for 80 gold pieces
 41728 | Vaults:2 | Bought a potion of heal wounds for 50 gold pieces
 41728 | Vaults:2 | Bought a potion of lignification for 30 gold pieces
 41728 | Vaults:2 | Bought 2 potions of might for 80 gold pieces
 41728 | Vaults:2 | Bought a potion of curing for 30 gold pieces
 41948 | Vaults:2 | Found Toclyg's Jewellery Emporium.
 42212 | Vaults:2 | Reached skill level 15 in Throwing
 42515 | Vaults:2 | Found a staircase to the Crypt.
 42653 | Vaults:2 | Reached skill level 20 in Unarmed Combat
 42971 | Vaults:2 | Found Muczef's Armour Emporium.
 43506 | Abyss:2  | Cast into level 2 of the Abyss (a wizard)
 43810 | Vaults:3 | Escaped the Abyss
 44225 | Vaults:3 | Reached ****** piety under Qazlal
 44320 | Vaults:3 | Reached skill level 15 in Invocations
 44458 | Vaults:3 | Found Feumam's Assorted Antiques.
 44741 | Vaults:3 | Noticed Mara
 44744 | Vaults:3 | Noticed cheesebisquit's illusion
 44760 | Vaults:3 | Killed Mara
 44761 | Vaults:3 | Reached XP level 20. HP: 128/209 MP: 30/30
 45015 | Vaults:3 | Reached skill level 15 in Fighting
 45854 | Vaults:4 | Noticed Aizul
 45864 | Vaults:4 | Killed Aizul
 46404 | Vaults:4 | Found a runed translucent gate.
 46404 | Vaults:4 | Found a runed translucent gate.
 46404 | Vaults:4 | Found a runed translucent gate.
 46404 | Vaults:4 | Noticed Atoacrot's ghost (adept GrFi)
 46440 | Vaults:4 | Reached skill level 21 in Unarmed Combat
 46718 | Vaults:4 | Paralysed by a sphinx for 5 turns
 46906 | Vaults:4 | Identified the +4 ring mail of the Moon Troll {rElec rN+
                  | Regen+}
 47162 | Vaults:4 | Killed Atoacrot's ghost
 47456 | Elf:1    | Entered Level 1 of the Elven Halls
 47731 | Elf:1    | Paralysed by an air elemental for 1 turns
 48591 | Elf:1    | Reached XP level 21. HP: 221/221 MP: 32/32
 48616 | Elf:1    | Identified the +7 war axe "Widowermaker" {pain, rPois rCorr
                  | Int-3 Dex+4}
 48923 | Vaults:2 | Bought the ring "Erourchi" {rPois rF+ Int+2 SInv} for 710
                  | gold pieces
 49289 | Elf:2    | Found a runed translucent gate.
 49289 | Elf:2    | Found a runed translucent gate.
 49289 | Elf:2    | Found a runed translucent gate.
 49293 | Elf:2    | Noticed SirLogeyBear's ghost (adept HOBe)
 49402 | Elf:2    | Paralysed by an air elemental for 1 turns
 49408 | Elf:2    | Paralysed by an air elemental for 1 turns
 49624 | Elf:2    | Found a runed translucent gate.
 49626 | Elf:2    | Found a runed translucent gate.
 49630 | Elf:2    | Found a runed translucent gate.
 50417 | Elf:3    | Entered Level 3 of the Elven Halls
 50769 | Elf:2    | Found a runed translucent gate.
 50769 | Elf:2    | Found a runed translucent gate.
 50770 | Elf:2    | Found a runed translucent gate.
 51328 | Elf:3    | Found a runed translucent gate.
 51329 | Elf:3    | Found a runed translucent gate.
 51329 | Elf:3    | Noticed SirLogeyBear's ghost (adept HOBe)
 51330 | Elf:3    | Found a runed translucent gate.
 51715 | Elf:3    | Identified the +2 great sword of Honesty {vorpal, rN+ Str+4
                  | Dex-5}
 51740 | Abyss:2  | Cast into level 2 of the Abyss (a deep elf sorcerer)
 52013 | Abyss:3  | Found a corrupted altar of Lugonu.
 52129 | Elf:3    | Escaped the Abyss
 52515 | Elf:3    | Identified the +1 leather armour of the Crypt {rC+ Regen+}
 52649 | Elf:3    | Identified the +9 whip "Qodeaf" {venom, Drain rPois rCorr}
 52696 | Elf:3    | Identified the +5 dire flail "Wixuddie" {pain, rC- Int+6
                  | Dex+2}
 53676 | Shoals:1 | Bought the +1 gold dragon scales of Liev {rPois rF+ rC+
                  | Str+2} for 1827 gold pieces
 54175 | Depths:1 | Entered Level 1 of the Depths
 54177 | Depths:1 | Found a one-way gateway to a ziggurat.
 54181 | Depths:1 | Reached skill level 22 in Unarmed Combat
 54330 | Depths:1 | Reached XP level 22. HP: 67/234 MP: 14/33
 54558 | Depths:1 | Found a gateway to Hell.
 54863 | Depths:1 | Found a shadowy altar of Dithmenos.
 55819 | Depths:2 | Found a one-way gate to the infinite horrors of the Abyss.
 56355 | Depths:2 | Found a one-way gate leading to the halls of Pandemonium.
 58098 | Abyss:3  | Cast into level 3 of the Abyss (a wizard)
 58112 | Abyss:3  | Noticed an ancient lich
 58125 | Abyss:3  | Killed an ancient lich
 58126 | Abyss:3  | Reached XP level 23. HP: 152/249 MP: 21/35
 58135 | Abyss:3  | Got an abyssal rune of Zot
 58137 | Depths:3 | Escaped the Abyss
 58270 | Depths:3 | Found a radiant altar of Vehumet.
 58270 | Depths:3 | Noticed an ancient lich
 58285 | Depths:3 | Killed an ancient lich
 58286 | Depths:3 | Reached skill level 23 in Unarmed Combat
 58596 | Depths:3 | Identified the ring "Jefoastrie" {*Corrode rC+ rN+ EV+4
                  | Dex+3}
 59465 | Depths:4 | Entered Level 4 of the Depths
 60212 | Depths:4 | Noticed a juggernaut
 60220 | Depths:4 | Killed a juggernaut
 60346 | Depths:4 | Noticed a caustic shrike
 60346 | Depths:4 | Noticed a caustic shrike
 60347 | Depths:4 | Noticed a caustic shrike
 60348 | Depths:4 | Noticed a caustic shrike
 60465 | Depths:4 | Killed a caustic shrike
 60472 | Depths:4 | Killed a caustic shrike
 60477 | Depths:4 | Killed a caustic shrike
 60481 | Depths:4 | Killed a caustic shrike
 61914 | Depths:4 | Found a gate to the Realm of Zot.
 63297 | Vaults:5 | Entered Level 5 of the Vaults
 63362 | Vaults:5 | Noticed an ancient lich
 63367 | Vaults:5 | Killed an ancient lich
 63424 | Vaults:5 | Reached XP level 24. HP: 119/262 MP: 35/35
 63436 | Vaults:5 | HP: 10/262 [constriction (9)]
 63442 | Vaults:5 | HP: 13/262 [golden dragon/bolt of fire (3)]
 63443 | Vaults:5 | Killed from afar by a golden dragon

Illustrated notes

Levels and vault maps discovered:
D:1:      saegor_arrival_simple_b, layout_loops_ring, serial_shops,
          nicolae_shop_crystal
D:2:      layout_loops_ring, ebering_ecumenical_altar_mist,
          amcnicky_mini_rare_corridor_liquid
D:3:      layout_basic, uniq_crazy_yiuf_cottage
D:4:      nicolae_cairo_tiling, layout_loops_ring, gup_sewer_entry_bubbles
D:5:      layout_rooms, eino_small_chamber_without_monster
D:6:      layout_loops_ring, temple_hall, gammafunk_ghost_stat_death,
          eino_tiny_chamber, serial_bayou_pond_b, minmay_unpleasant_kobolds,
          uniq_maggie
D:7:      layout_layer_cave, old_standard_altar, hex_medium,
          minmay_misc_feat_more_columns
D:8:      layout_basic, mainiacjoe_overflow_alcove_4,
          mainiacjoe_overflow_tiny_flanked, dk_noncrumbling_4,
          nicolae_benzene_ring
D:9:      layout_stronghold, tso_altar, tgw_fedhas
D:10:     layout_stronghold, trog_book, grunt_lair_entry_orc_guard_hut,
          enter_trove_2, ebering_ghost_gozag
D:11:     lemuel_ogre_cave, layout_basic, orc_0_dummy, minivault_4
D:12:     layout_long_grid, serial_shops, nicolae_shop_advertising_works
          [nicolae_subvault_shop_adworks], nicolae_ashenzari_panopticon,
          uniq_psyche, uniq_kirke, uniq_erolcha
D:13:     layout_layer_cave, lightli_vaults_fourway_checkpoint,
          gammafunk_ghost_hydra_chop, serial_shops,
          nicolae_shop_window_shopping, chequers_serial_rivers_marsh
D:14:     layout_cave_pools, nicolae_qazlal_general_emergency
D:15:     hangedman_depths_entry_try_elsewhere_first, layout_irregular_city
Temple:   kb_temple_of_zot
Lair:1:   layout_regular_city, cheibrodos_lair_lostbears
Lair:2:   layout_regular_city, beast_lair_carwin_2, lemuel_fruit_tree
Lair:3:   layout_regular_city, minmay_shoals_entry_lonely_mermaid,
          guppyfry_snake_entry_island, portal_ice_cave_entry_ice_simulacra,
          serial_bayou_shore_b
Lair:4:   dpeg_oklob_gauntlet, layout_loops_ring,
          nicolae_slime_entry_slimehenge, enter_volcano_1,
          infiniplex_staircase_pool_2, grunt_megastairs_4
Lair:5:   guppyfry_lair_end_dragon, layout_gridlike,
          hangedman_lair_caniforms_friends, patterned_corridor, uniq_sonja,
          uniq_nessos
Shoals:1: layout_shoals, nicolae_shop_dragon_depot
Shoals:2: layout_shoals, nicolae_stop_n_shop_2
Shoals:3: layout_shoals, serial_shops, bzr_entry_customers
Shoals:4: shoals_end_grunt_garden, layout_shoals, serial_shops,
          nicolae_shop_waterfront
Snake:1:  layout_onion_interference, serial_shops, shop, drop_trap,
          nicolae_snake_salamander_jacuzzi, minmay_shop_star
Snake:2:  layout_layer_cave
Snake:3:  layout_concentric_octagons, minmay_shoptagon, serial_bayou_shore_b
Snake:4:  minmay_snake_end_coiled, layout_gridlike, serial_shops, shop,
          gammafunk_ghost_grave
Orc:1:    layout_caves, mines_bat_river
Orc:2:    grunt_orc_tribal_feast, layout_caves, nicolae_shop_clearance
Elf:1:    elf_arrival_001, layout_gridlike, kennysheep_underground_church
Elf:2:    elven_hall_of_blades_hangedman_original
          [nicolae_blade_entry_diamond_columns], layout_gridlike,
          ebering_ghost_rock_garden
Elf:3:    elf_hall, layout_loops_ring, gammafunk_ghost_split
Vaults:1: hangedman_vaults_stagger, vaults_room_octagon,
          nicolae_vaults_mini_display_case, vaults_room_door_hall,
          nicolae_vaults_network_s, st_squares, hangedman_vaults_slice,
          hangedman_vaults_trim, layout_vaults_quadrants, serial_shops, shop
Vaults:2: minmay_crypt_entry_simple_box, vaults_mumra_chevron,
          grunt_vaults_focal, v_rooms_5, vaults_room_corners, v_misc_9,
          ontoclasm_vaults_fault, nicolae_vaults_yaktaur_gun_rack,
          layout_vaults_chaotic_city, serial_shops, shop,
          nicolae_shop_behind_doors, shop
Vaults:3: ontoclasm_vaults_hangar, hangedman_vaults_restitches, v_rooms_5,
          vaults_mumra_hex, nicolae_vaults_network_star, vaults_dpeg_doors,
          grunt_vaults_bifocal, ontoclasm_vaults_misaligned,
          ontoclasm_vaults_gateway, ontoclasm_vaults_chip,
          nicolae_vaults_quadrants, layout_vaults_maze, serial_shops, shop,
          uniq_mara
Vaults:4: gammafunk_ghost_split, nicolae_vaults_windows_and_doors_thing,
          ontoclasm_vaults_loading_screen, v_misc_27, v_alt_pattern_4,
          nicolae_vaults_meeting, vaults_room_door_hall, v_pattern_4,
          nicolae_vaults_shelves_hall, v_misc_31, vaults_room_boxed,
          v_alt_pattern_1, vaults_room_large_hall, grunt_vaults_hallway_short,
          nicolae_vaults_little_ls, ontoclasm_vaults_ring_large,
          nicolae_vaults_ring_of_whatevers, layout_vaults_omnibox, uniq_aizul
Vaults:5
Depths:1: layout_long_grid, enter_ziggurat_b, grunt_decor_one_mirror,
          pf_vacation_house_of_asmodeus, nicolae_dithmenos_the_darkroom,
          kennysheep_random_hallway, serial_bayou_shore_a, grunt_megastairs_3
Depths:2: hangedman_crystal_crosses_colossus [crystal_crosses_arms_four,
          crystal_crosses_arms_two, crystal_crosses_arms_two,
          crystal_crosses_arms_one], abyss_entry, hell_entry, pan_entry
Depths:3: evilmike_halls_of_destruction, layout_long_grid,
          grunt_hell_entry_dis_mu, marbit_kobold_abyss_entry,
          hangedman_abyss_or_decor_passed, kennysheep_generic_room_9,
          minmay_staircase_bubble
Depths:4: evilmike_zot_entry_gauntlet, layout_gridlike, hell_entry,
          serial_bayou_pond_d

Skill      XL: |  1  2  3  4  5  6  7  8  9 10 11 12 13 14 15 16 17 18 19 20 21 22 23 |
---------------+----------------------------------------------------------------------+-----
Shields        | 3 4 6 7 9 10 | 10.0
Unarmed Combat | 3 4 5 6 8 9 11 12 14 15 16 17 18 19 20 21 22 23 | 23.6
Fighting       | 3 4 5 6 7 8 9 10 11 12 13 14 15 16 18 19 | 19.5
Throwing       | 1 2 3 4 5 7 8 9 10 11 12 13 14 15 16 17 18 19 | 19.4
Invocations    | 3 4 6 7 8 9 10 12 13 14 15 16 17 18 | 18.9
Armour         | 1 3 4 |  4.5
Dodging        | 3 4 |  4.5

Action                   |  1- 3 |  4- 6 |  7- 9 | 10-12 | 13-15 | 16-18 | 19-21 | 22-24 || total
-------------------------+-------+-------+-------+-------+-------+-------+-------+-------++-------
Melee: Unarmed           |   104 |   229 |   180 |   548 |   901 |  1076 |  1159 |   863 ||  5060
Throw: Stone             |    11 |       |       |    51 |    91 |     7 |       |       ||   160
       Boomerang         |       |     9 |   158 |    58 |   136 |    52 |    51 |   152 ||   616
       Dart              |       |       |       |    47 |    73 |    22 |    13 |       ||   155
       Large rock        |       |       |       |       |    75 |   169 |   227 |    17 ||   488
Invok: Upheaval          |       |       |       |    10 |    47 |    40 |    31 |    23 ||   151
       Elemental Force   |       |       |       |     1 |     7 |     7 |     2 |     5 ||    22
       Disaster Area     |       |       |       |       |       |     2 |     4 |     1 ||     7
Evoke: Wand              |       |       |       |    16 |    11 |       |       |       ||    27
  Use: Scroll            |       |    10 |     8 |    16 |    24 |     8 |     5 |    24 ||    95
       Potion            |       |     2 |     5 |     4 |     9 |     4 |     7 |    12 ||    43
 Stab: Paralysed         |       |       |       |       |     3 |     1 |       |     2 ||     6
       Distracted        |       |       |       |       |       |     1 |       |       ||     1
       Sleeping          |       |       |       |       |       |       |       |     1 ||     1
Armor: Robe              |    27 |    59 |    22 |       |       |       |       |       ||   108
       Acid dragon scale |       |       |    38 |   167 |   359 |   273 |   200 |       ||  1037
       Fire dragon scale |       |       |       |       |    12 |       |       |       ||    12
       Gold dragon scale |       |       |       |       |       |       |    19 |   244 ||   263
Dodge: Dodged            |    34 |    63 |    45 |   107 |   163 |   209 |   144 |    55 ||   820
       Repelled          |       |       |       |       |       |     5 |     6 |     2 ||    13
Block: Kite shield       |    30 |    86 |   124 |   276 |       |       |       |       ||   516
       Reflection        |       |       |     5 |    17 |    45 |       |    76 |    19 ||   162
       Other             |       |       |       |     7 |       |       |       |       ||     7
       Tower shield      |       |       |       |    70 |  1189 |  1386 |  1332 |  1005 ||  4982
